 Dungeon Crawl Stone Soup version 0.20.0-15-g7f486f2 (webtiles) character file.

1399 RaHiT the Grappler (level 8, 0/66 HPs)
             Began as a Ghoul Gladiator on June 11, 2017.
             Was a Follower of Yredelemnul.
             Slain by a centaur zombie (2 damage)
             ... on level 5 of the Dungeon.
             The game lasted 00:30:40 (4570 turns).

RaHiT the Grappler (Ghoul Gladiator)                Turns: 4570, Time: 00:30:40

Health: 0/66       AC: 10    Str: 17 (20) XL:     8   Next: 69%
Magic:  7/7        EV: 12    Int:  5 (8)  God:    Yredelemnul [*.....]
Gold:   357        SH:  5    Dex:  7 (10) Spells: 7/7 levels left

rFire    . . .     SeeInvis .     - Unarmed
rCold    + . .     Gourm    .   (no shield)
rNeg     + + +     Faith    .   a - +0 leather armour
rPois    ∞         Spirit   .   g - +2 helmet
rElec    .         Reflect  +   x - +0 cloak
rCorr    .         Harm     .   l - +1 pair of gloves
MR       .....                  o - +0 pair of boots
Stlth    +.........             w - +5 amulet of reflection
Regen    0.0/turn               (no ring)
MPRegen  0.1/turn               (no ring)

@: brilliant, rotting, slowed, lost intelligence, very slow
A: rotting body, claws 1, carnivore 3, cold resistance 1, negative energy
resistance 3, inhibited regeneration, torment resistance, unbreathing
a: Animate Remains, Renounce Religion


You were on level 5 of the Dungeon.
You worshipped Yredelemnul.
Yredelemnul was aware of your devotion.
You were not hungry.

You visited 2 branches of the dungeon, and saw 7 of its levels.
You also visited: Ossuary.

You collected 357 gold pieces.

Inventory:

Missiles
 c - 4 throwing nets (quivered)
Armour
 a - a +0 leather armour (worn)
 g - a +2 helmet (worn)
 l - a +1 pair of gloves (worn)
 o - a +0 pair of boots (worn)
 r - a +0 ring mail
 x - a +0 cloak (worn)
Jewellery
 w - a +5 amulet of reflection (around neck)
Wands
 i - a wand of digging (24/24)
 u - a wand of random effects (30/48)
Scrolls
 e - 4 scrolls of teleportation
 f - 2 scrolls of noise
 m - a scroll of immolation
 t - a scroll of amnesia
 y - 3 scrolls of blinking
 A - a scroll of fear
Potions
 h - a potion of flight
 n - 2 potions of curing
 s - a potion of might {unknown}
 z - a potion of berserk rage {unknown}
 B - a potion of ambrosia {unknown}
 C - a potion of haste {unknown}
 E - a potion of degeneration
Comestibles
 b - 4 royal jellies
 d - 5 meat rations


   Skills:
 - Level 4.0 Fighting
 - Level 1.7 Throwing
 * Level 3.3 Dodging
 - Level 11.0 Unarmed Combat


You had 7 spell levels left.
You didn't know any spells.

Dungeon Overview and Level Annotations

Branches:
Dungeon (6/15)             Temple (1/1) D:4

Altars:
Ashenzari
Cheibriados
Elyvilon
Gozag
Kikubaaqudgha
Makhleb
Nemelex Xobeh
Okawaru
Qazlal
Ru
Trog
Uskayaw
Vehumet
Xom
Yredelemnul
Zin
The Shining One


Innate Abilities, Weirdness & Mutations

Your body is rotting away.
You thrive on raw meat.
You are immune to poison.
You have sharp fingernails.
You are carnivorous and can eat meat at any time.
Your flesh is cold resistant. (rC+)
You are immune to negative energy. (rN+++)
You do not regenerate when monsters are visible.
You are immune to unholy pain and torment.
You can survive without breathing.


Message History

Something shocks you.
* * * LOW HITPOINT WARNING * * *
Something hits you but does no damage.
You feel better. The centaur zombie hits you.
* * * LOW HITPOINT WARNING * * *
Something hits you but does no damage.
It was a potion of brilliance.
You feel clever all of a sudden.
The centaur zombie hits you but does no damage.
Something hits you but does no damage.
The centaur zombie hits you but does no damage.
Something hits you.
* * * LOW HITPOINT WARNING * * *
Something shocks you.
* * * LOW HITPOINT WARNING * * *
Unknown command.
You almost manage to decipher the scroll, but fail in this attempt.
The centaur zombie hits you.
You die...
Yredelemnul claims you as an undead slave.

#.........#
#.......))#
#.......)<#
#.........#
#.........#
#.........#
#.........#
#####........(#
###@Z.........[.#
##...##..........#
#..####.........##
###.##
##........##
#...####........##
#.####...##..####
##### ###.#
#.####..# ....#
#...############
....#
###......#.....#


You could see a centaur zombie.

Vanquished Creatures
  A water moccasin (D:5)
  Duvessa (D:4)
  An ogre (D:5)
  A phantom (D:4)
  A centaur (D:3)
  Dowan (D:4)
  2 scorpions
  4 centaur zombies (Ossuary)
  A crimson imp (D:5)
  2 hounds
  2 orc priests
  A bullfrog skeleton (D:4)
  2 centaur skeletons (D:5)
  An orc wizard (D:5)
  Crazy Yiuf (D:2)
  2 iguanas (D:4)
  A worker ant (D:4)
  A big kobold zombie (Ossuary)
  5 mummies (Ossuary)
  A howler monkey skeleton (D:4)
  9 adders
  An ooze (D:1)
  An adder skeleton (D:4)
  3 worms
  A dart slug (D:1)
  2 leopard geckos
  14 orcs
  2 ball pythons
  3 bats
  3 giant cockroaches
  10 goblins
  6 hobgoblins
  8 jackals
  5 quokkas
  3 frilled lizards
  2 hobgoblin zombies (Ossuary)
  A jackal zombie (D:5)
  4 kobolds
  10 rats
  A bush (D:4)
  A fungus (D:2)
122 creatures vanquished.

Notes
Turn   | Place    | Note
-------+----------+-------------------------------------------
     0 | D:1      | RaHiT the Ghoul Gladiator began the quest for the Orb.
     0 | D:1      | Reached XP level 1. HP: 17/17 MP: 0/0
   104 | D:1      | Reached XP level 2. HP: 24/24 MP: 1/1
   153 | D:1      | Reached skill level 4 in Unarmed Combat
   496 | D:1      | Found a glowing golden altar of the Shining One.
   792 | D:2      | Found a stormy altar of Qazlal.
   901 | D:2      | Reached XP level 3. HP: 30/30 MP: 2/2
  1457 | D:2      | Reached XP level 4. HP: 29/39 MP: 3/3
  1665 | D:2      | Found a runed door.
  1669 | D:2      | Noticed Crazy Yiuf
  1677 | D:2      | Killed Crazy Yiuf
  1867 | D:3      | Reached XP level 5. HP: 40/46 MP: 4/4
  1882 | D:3      | Noticed a centaur
  1896 | D:3      | Killed a centaur
  1896 | D:3      | Reached skill level 5 in Unarmed Combat
  2024 | D:3      | Found a burning altar of Makhleb.
  2101 | D:3      | Reached skill level 6 in Unarmed Combat
  2101 | D:3      | Reached XP level 6. HP: 38/52 MP: 5/5
  2606 | D:4      | Noticed a phantom
  2628 | D:4      | Killed a phantom
  2677 | D:4      | Reached skill level 7 in Unarmed Combat
  2776 | D:4      | Found a staircase to the Ecumenical Temple.
  2790 | Temple   | Entered the Ecumenical Temple
  2821 | Temple   | Became a worshipper of Yredelemnul the Dark
  2862 | D:4      | Reached XP level 7. HP: 56/59 MP: 6/6
  3025 | D:4      | Noticed Duvessa
  3025 | D:4      | Noticed Dowan
  3044 | D:4      | Killed Duvessa
  3044 | D:4      | Reached skill level 8 in Unarmed Combat
  3054 | D:4      | Killed Dowan
  3265 | D:4      | Found an opulent altar of Gozag.
  3760 | D:5      | Entered Level 5 of the Dungeon
  3763 | D:5      | Reached skill level 9 in Unarmed Combat
  3847 | D:5      | Reached * piety under Yredelemnul
  3866 | D:5      | Reached XP level 8. HP: 66/66 MP: 7/7
  3946 | D:5      | Reached skill level 10 in Unarmed Combat
  4005 | D:5      | Found a sand-covered staircase.
  4014 | Ossuary  | Entered an ossuary
  4189 | Ossuary  | Reached skill level 11 in Unarmed Combat
  4267 | D:5      | Found a snail-covered altar of Cheibriados.
  4531 | D:5      | Lost intelligence.
  4563 | D:5      | HP: 1/66 [something (6)]
  4569 | D:5      | HP: 2/66 [something (6)]
  4570 | D:5      | Slain by a centaur zombie

Skill      XL: |  1  2  3  4  5  6  7  8 |
---------------+-------------------------+-----
Unarmed Combat | 4 6 7 9 11 | 11.0
Dodging        | 3 |  3.3
Fighting       | 3 4 |  4.0
Throwing       | |  1.7

Action                   |  1- 3 |  4- 6 |  7- 9 || total
-------------------------+-------+-------+-------++-------
Melee: Unarmed           |    94 |   178 |   283 ||   555
       Punch             |     2 |     2 |    21 ||    25
  Use: Scroll            |     3 |     4 |     6 ||    13
       Potion            |       |       |    10 ||    10
  Eat: Chunk             |    19 |    18 |    20 ||    57
Armor: Leather armour    |    25 |    46 |   103 ||   174
Dodge: Dodged            |    43 |    84 |   110 ||   237
Block: Other             |       |       |    23 ||    23
